 Dungeon Crawl Stone Soup version 0.29-a0-330-g52719c12eb (webtiles) character file.

Game seed: 4559503262056244825

38278 kae the Arsonist (level 13, -5/100 (105) HPs)
             Began as a Demigod Fire Elementalist on Apr 22, 2022.
             Killed from afar by a necromancer (34 damage)
             ... with a bolt of negative energy
             ... on level 5 of the Lair of Beasts.
             The game lasted 00:22:59 (27480 turns).

kae the Arsonist (Demigod Fire Elementalist)       Turns: 27480, Time: 00:22:59

HP:   -5/100 (105)  AC: 13    Str:  9    XL:     13   Next: 30%
MP:   35/38         EV: 12    Int: 33    God:
Gold: 1753          SH:  0    Dex: 14    Spells: 6/28 levels left

rFire   + + .      SeeInvis .   n - staff of fire
rCold   . . .      Faith    .   (no shield)
rNeg    . . .      Spirit   .   I - +1 swamp dragon scales
rPois   +          Reflect  .   M - +2 hat
rElec   .          Harm     .   v - +0 cloak
rCorr   .          Rampage  .   i - +0 pair of gloves
Will    +....                   o - +0 pair of boots
Stlth   +.........              (no amulet)
HPRegen 0.26/turn               z - ring of magical power
MPRegen 0.26/turn               L - ring of protection from fire

@: lightly drained
A: high MP 1, forlorn, divine attributes
a: no special abilities


You were on level 5 of the Lair of Beasts.
You visited 2 branches of the dungeon, and saw 16 of its levels.
You also visited: Sewer, Ossuary and Bailey.

You collected 1881 gold pieces.
You spent 128 gold pieces at shops.

Inventory:

Armour
 d - a +0 helmet
 i - a +0 pair of gloves (worn)
 o - a +0 pair of boots (worn)
 v - a +0 cloak (worn)
 A - +1 steam dragon scales
 I - +1 swamp dragon scales (worn)
 M - a +2 hat (worn)
Magical Staves
 c - a staff of conjuration
 n - a staff of fire (weapon)
Jewellery
 z - a ring of magical power (left hand)
 K - a ring of positive energy
 L - a ring of protection from fire (right hand)
 N - a ring of ice
Wands
 k - a wand of paralysis (4)
 s - a wand of flame (16)
 y - a wand of iceblast (3)
 F - a wand of polymorph (4)
Scrolls
 a - a scroll of fear
 f - 3 scrolls of vulnerability
 j - 2 scrolls of torment
 l - 2 scrolls of summoning
 m - 4 scrolls of teleportation
 p - 3 scrolls of fog
 t - a scroll of brand weapon
 D - 3 scrolls of identify
 E - 3 scrolls of blinking
 H - 2 scrolls of amnesia
Potions
 b - 5 potions of haste
 e - 5 potions of mutation
 g - 6 potions of degeneration
 h - 7 potions of curing
 q - 3 potions of might
 r - 7 potions of ambrosia
 u - 3 potions of magic
 w - 10 potions of flight
 x - 2 potions of attraction
 B - a potion of lignification
 G - 2 potions of brilliance
 J - 2 potions of invisibility
 O - a potion of heal wounds
Miscellaneous
 C - a tin of tremorstones (2/2)


   Skills:
 - Level 7.1 Fighting
 + Level 8.7 Staves
 - Level 7.4 Dodging
 - Level 1.7 Stealth
 + Level 8.1 Spellcasting
 + Level 8.8 Conjurations
 + Level 10.6 Fire Magic
 + Level 8.4 Evocations


You had 6 spell levels left.
You knew the following spells:

 Your Spells              Type           Power      Damage    Failure   Level
a - Foxfire               Conj/Fire      100%       2x1d9     1%          1
b - Scorch                Fire           100%       2d10      1%          2
c - Conjure Flame         Conj/Fire      86%        6-21      1%          3
d - Inner Flame           Hex/Fire       64%        N/A       3%          3
e - Flame Wave            Conj/Fire      86%        2d15      1%          4
f - Sticky Flame          Conj/Fire      86%        2d10      1%          4
g - Fireball              Conj/Fire      43%        3d17      4%          5

Your spell library contained the following spells:

 Spells                   Type           Power      Damage    Failure   Level
 Static Discharge         Conj/Air       42%        N/A       2%          2
 Dazzling Flash           Conj/Hex       84%        N/A       4%          3
 Iskenderun's Battlesphe  Conj           64%        2d11      7%          5
 Beastly Appendage        Tmut           26%        N/A       10%         1
 Freeze                   Ice            52%        1d7       10%         1
 Summon Small Mammal      Summ           52%        N/A       10%         1
 Blink                    Tloc           26%        N/A       14%         2
 Ensorcelled Hibernation  Hex/Ice        26%        N/A       14%         2
 Passwall                 Tmut/Erth      10%        N/A       14%         2
 Sublimation of Blood     Necr           13%        N/A       14%         2
 Wereblood                Tmut           13%        N/A       14%         2
 Hailstorm                Conj/Ice       42%        3d10      16%         4
 Iskenderun's Mystic Bla  Conj/Tloc      42%        2d10      16%         4
 Starburst                Conj/Fire      43%        6d12      26%         6
 Call Canine Familiar     Summ           13%        N/A       28%         3
 Frozen Ramparts          Ice            26%        1d4       28%         3
 Ozocubu's Armour         Ice            13%        N/A       28%         3
 Spider Form              Tmut/Pois      13%        N/A       28%         3
 Summon Guardian Golem    Hex/Summ       13%        N/A       28%         3
 Swiftness                Air            13%        N/A       28%         3
 Irradiate                Conj/Tmut      21%        3d20      41%         5
 Dispel Undead            Necr           13%        3d9       67%         4
 Ice Form                 Ice/Tmut       13%        N/A       67%         4
 Petrify                  Tmut/Erth      13%        N/A       67%         4
 Summon Ice Beast         Ice/Summ       13%        N/A       67%         4
 Conjure Ball Lightning   Conj/Air       21%        3x3d6     94%         6
 Manifold Assault         Tloc           13%        N/A       95%         5
 Simulacrum               Ice/Necr       6%         N/A       100%        6
 Orb of Destruction       Conj           32%        9d10      91%         7
 Ozocubu's Refrigeration  Ice            6%         4d6       100%        7
 Storm Form               Tmut/Air       6%         N/A       100%        7


Dungeon Overview and Level Annotations

Branches:
Dungeon (11/15)            Temple (0/1) D:7            Lair (5/6) D:8
  Swamp (0/4) Lair:4       Spider (0/4) Lair:3        Sewer (visited)
Ossuary (visited)          Bailey (visited)
  Slime: Lair:5-6       Orc: D:9-12

Shops:
D:11 *

Annotations:
D:3 Grinder
D:4 3 runed translucent doors, qborf's ghost, novice OgBe


Innate Abilities, Weirdness & Mutations

You have an increased reservoir of magic. (+10% MP)
You shall have no god before yourself.
Your divine heritage dramatically boosts your attributes as you level up.


Message History

The necromancer points at you and mumbles some strange words.
Your body is wracked with pain!
Found 23 stones.
There are monsters nearby!
There are monsters nearby!
There are monsters nearby!
Casting: Foxfire (safe; 1% risk of failure)
Confirm with . or Enter, or press ? or * to list all spells.
You feel a surge of power!
You conjure some foxfire!
The foxfire hits the yak simulacrum!
The yak simulacrum melts!
The yak simulacrum is heavily damaged.
The yak simulacrum barely misses you.
Casting: Foxfire (safe; 1% risk of failure)
Confirm with . or Enter, or press ? or * to list all spells.
You feel a surge of power!
You conjure some foxfire!
The foxfire hits the yak simulacrum!
The yak simulacrum melts!
The yak simulacrum vaporises!
You hear a sizzling sound!
The foxfire hits the necromancer!
The necromancer is moderately wounded.
The necromancer hits you with a +0 dagger.
Casting: Foxfire (safe; 1% risk of failure)
Confirm with . or Enter, or press ? or * to list all spells.
You feel a surge of power!
You conjure some foxfire!
The necromancer barely misses you.
The foxfire hits the necromancer.
The necromancer is moderately wounded.
The necromancer hits you but does no damage.
Your foxfire dissipates!
Casting: Foxfire (safe; 1% risk of failure)
Confirm with . or Enter, or press ? or * to list all spells.
You feel a surge of power!
Flames lash the necromancer.
The necromancer is moderately wounded.
The necromancer's fire resistance burns away.
The necromancer points at you and mumbles some strange words.
Your body is wracked with pain!
* * * LOW HITPOINT WARNING * * *
The necromancer casts a spell at you. The bolt of negative energy hits you!!
You feel drained.
You die...

#..## #..
#P..##...
#...P...
#......
#..P.# #..⌠.#
##..P^#
#P.@..#
##.#p##
##.#Z..
#..#.....
#..#....#(#
##.#....# #
##.########..
#............
#............


You could see a necromancer (combustible) and a river rat simulacrum.

Vanquished Creatures
  Gastronok (Lair:3)
  A boulder beetle (D:11)
  A catoblepas (Lair:2)
  5 hydras
  2 two-headed ogres
  A death yak (Lair:4)
  Nergalle (Lair:4)
  2 orc knights (Bailey)
  2 wolf spiders
  A manticore (Lair:4)
  6 elephants (Lair:5)
  2 black mambas (Lair:4)
  2 torpor snails
  4 cane toads
  Maggie (Lair:1)
  3 rime drakes
  7 komodo dragons
  A demonic crawler (Lair:2)
  A queen bee (Lair:4)
  3 polar bears (Lair:2)
  6 blink frogs
  4 trolls
  3 meliai (Lair:4)
  A dream sheep (Lair:4)
  A jumping spider (Lair:3)
  Sigmund (D:4)
  2 shadows (D:10)
  25 yaks
  A wyvern (D:7)
  3 basilisks
  A redback (Lair:3)
  2 vampire mosquitoes (D:11)
  3 steam dragons
  Menkaure (D:4)
  2 swamp worms (Lair:2)
  12 water moccasins
  A sky beast (D:7)
  11 orc warriors
  Pargi (Sewer)
  4 ice beasts
  5 black bears
  10 wolves
  2 ogres (D:6)
  11 centaurs
  A phantom (D:4)
  A kobold brigand (D:9)
  20 bullfrogs
  3 necrophages
  2 scorpions
  A wight (D:8)
  31 killer bees
  5 howler monkeys
  4 hounds
  3 jellies (D:5)
  3 gnoll shamans
  5 orc priests
  2 iguanas
  9 orc wizards
  A yak simulacrum (Lair:5)
  8 mummies (Ossuary)
  Robin (D:4)
  5 adders
  10 gnolls
  2 shadow imps (D:7)
  2 white imps
  A worm (D:2)
  3 dart slugs
  34 orcs
  3 ball pythons
  6 endoplasms
  2 giant cockroaches
  11 goblins
  6 hobgoblins
  4 jackals (D:2)
  4 quokkas
  9 bats
  2 frilled lizards (D:1)
  2 hobgoblin zombies (Ossuary)
  24 kobolds
  5 kobold zombies (Ossuary)
  An orc zombie (Ossuary)
  4 rats (D:1)
400 creatures vanquished.

Vanquished Creatures (collateral kills)
  17 foxfires
17 creatures vanquished.

Vanquished Creatures (others)
  A blink frog (Lair:2)
  1096 foxfires
  24 fungi
  50 plants
1171 creatures vanquished.

Grand Total: 1588 creatures vanquished

Notes
Turn   | Place    | Note
-------+----------+-------------------------------------------
     0 | D:1      | kae the Demigod Fire Elementalist began the quest for the
                  | Orb.
     0 | D:1      | Reached XP level 1. HP: 14/14 MP: 5/5
   106 | D:1      | Reached skill level 1 in Conjurations
   511 | D:1      | Reached skill level 3 in Fire Magic
   856 | D:1      | Reached XP level 2. HP: 20/20 MP: 5/7
  1589 | D:2      | Learned a level 2 spell: Scorch
  2870 | D:2      | Reached XP level 3. HP: 26/26 MP: 5/8
  3466 | D:3      | Identified the +0 leather armour of Isowih {Contam Harm
                  | Rampage Dex+8}
  3484 | D:3      | Found a glowing drain.
  3498 | Sewer    | Entered a sewer
  3503 | Sewer    | Reached skill level 1 in Staves
  3633 | Sewer    | Noticed Pargi
  3647 | Sewer    | Killed Pargi
  3648 | Sewer    | Reached skill level 4 in Fire Magic
  3648 | Sewer    | Reached XP level 4. HP: 25/33 MP: 0/10
  4114 | D:3      | Noticed Grinder
  4236 | D:3      | Learned a level 3 spell: Conjure Flame
  4312 | D:3      | Reached XP level 5. HP: 38/38 MP: 8/11
  5055 | D:4      | Found a runed translucent gate.
  5055 | D:4      | Found a runed translucent gate.
  5055 | D:4      | Found a runed translucent gate.
  5058 | D:4      | Noticed qborf's ghost (novice OgBe)
  5426 | D:4      | Noticed Menkaure
  5438 | D:4      | Killed Menkaure
  5439 | D:4      | Reached skill level 1 in Evocations
  5439 | D:4      | Reached XP level 6. HP: 15/45 MP: 8/13
  6192 | D:4      | Noticed Sigmund
  6199 | D:4      | Killed Sigmund
  6200 | D:4      | Reached skill level 5 in Fire Magic
  6200 | D:4      | Reached XP level 7. HP: 50/50 MP: 7/15
  6327 | D:4      | Noticed Robin
  6336 | D:4      | Killed Robin
  6851 | D:5      | Entered Level 5 of the Dungeon
  7755 | D:5      | Reached skill level 6 in Fire Magic
  7873 | D:5      | Reached XP level 8. HP: 57/57 MP: 12/17
  9774 | D:6      | Reached skill level 7 in Fire Magic
  9855 | D:7      | Reached XP level 9. HP: 79/79 MP: 19/19
  9961 | D:7      | Found a staircase to the Ecumenical Temple.
 10000 | D:7      | Learned a level 3 spell: Inner Flame
 10259 | D:7      | Found a sand-covered staircase.
 10365 | Ossuary  | Entered an ossuary
 10501 | Ossuary  | Reached XP level 10. HP: 86/86 MP: 15/20
 11756 | D:8      | Learned a level 4 spell: Flame Wave
 11761 | D:8      | Learned a level 4 spell: Sticky Flame
 12280 | D:8      | Reached skill level 5 in Conjurations
 12407 | D:8      | Found a staircase to the Lair.
 12575 | D:8      | Noticed a two-headed ogre
 12584 | D:8      | Killed a two-headed ogre
 12587 | D:8      | Reached skill level 8 in Fire Magic
 13020 | D:9      | Reached skill level 5 in Staves
 13020 | D:9      | Reached skill level 5 in Spellcasting
 13093 | D:9      | Found a flagged portal.
 13117 | Bailey   | Entered a bailey
 13139 | Bailey   | Noticed an orc knight
 13222 | Bailey   | Noticed an orc knight
 13232 | Bailey   | Killed an orc knight
 13966 | Bailey   | Killed an orc knight
 14620 | D:9      | Reached skill level 5 in Evocations
 14769 | D:9      | Reached XP level 11. HP: 84/92 MP: 22/22
 15249 | D:10     | Entered Level 10 of the Dungeon
 15291 | D:10     | Noticed a two-headed ogre
 15300 | D:10     | Killed a two-headed ogre
 16872 | D:11     | Noticed a boulder beetle
 16901 | D:11     | Killed a boulder beetle
 17361 | D:11     | Found Xielaxag's CLEARANCE SALE!.
 17368 | D:11     | Bought a book of Spectacle for 128 gold pieces
 18255 | Lair:1   | Entered Level 1 of the Lair of Beasts
 19210 | Lair:1   | Noticed a seven-headed hydra
 19245 | Lair:1   | Killed a seven-headed hydra
 19246 | Lair:1   | Reached skill level 9 in Fire Magic
 19355 | Lair:1   | Noticed Maggie
 19367 | Lair:1   | Killed Maggie
 19387 | Lair:1   | Learned a level 5 spell: Fireball
 19996 | Lair:2   | Noticed a catoblepas
 20431 | Lair:2   | Reached XP level 12. HP: 72/100 MP: 26/26
 20604 | Lair:2   | Killed a catoblepas
 21563 | Lair:2   | Noticed a six-headed hydra
 21570 | Lair:2   | Killed a six-headed hydra
 21922 | Lair:3   | Noticed an eight-headed hydra
 22140 | Lair:3   | Found a hole to the Spider Nest.
 22525 | Lair:3   | Killed an eight-headed hydra
 23103 | Lair:3   | Noticed Gastronok
 23143 | Lair:3   | Killed Gastronok
 23144 | Lair:3   | Reached skill level 10 in Fire Magic
 23362 | Lair:4   | Noticed an eight-headed hydra
 23473 | Lair:4   | Killed an eight-headed hydra
 23881 | Lair:4   | Noticed a five-headed hydra
 23889 | Lair:4   | Killed a five-headed hydra
 25241 | Lair:4   | Reached XP level 13. HP: 61/105 MP: 17/29
 25553 | Lair:4   | Found a staircase to the Swamp.
 26885 | Lair:4   | Noticed Nergalle
 26893 | Lair:4   | Killed Nergalle
 27480 | Lair:5   | Killed from afar by a necromancer

Illustrated notes

Levels and vault maps discovered:
D:1:      eino_arrival_druids_welcome, layout_basic, lexackson_kobold_supper
D:2:      layout_basic
D:3:      layout_basic, mainiacjoe_overflow_catwalk, portal_sewer_entry_d,
          minmay_starry_boxes, uniq_grinder
D:4:      layout_loops_corners, gammafunk_ghost_nasty_kobolds, uniq_sigmund,
          uniq_menkaure, uniq_robin
D:5:      layout_basic, hangedman_ru_absence, kennysheep_generic_room_5
D:6:      layout_loops_ring, xom_redecorated,
          mainiacjoe_overflow_surrounded_room, minitemple,
          kennysheep_flooded_box
D:7:      layout_loops_ring, mainiacjoe_overflow_alcove_4,
          minmay_temple_entry_hall, chequers_ossuary_entry_cave
D:8:      layout_loops_corners, lair_entry_dummy
D:9:      layout_stronghold, mainiacjoe_overflow_alcove_1, zin_scriptorium,
          old_standard_altar, fiery_altar_vehumet, enter_bailey_6
D:10:     layout_irregular_city, mainiacjoe_overflow_tiny_flanked
D:11:     layout_roguey, nicolae_shop_clearance
Lair:1:   layout_cave_pods, basic_altar, uniq_maggie
Lair:2:   beast_lair_carwin_large_2, layout_loops_ring, worms_lemuel
Lair:3:   layout_chaotic_city, spider_nest_entry_funnel_web, uniq_gastronok
Lair:4:   nzn_winding_woodlands_medium [nzn_winding_woodlands_5x5_perimeter,
          nzn_winding_woodlands_5x15_pool, nzn_winding_woodlands_5x5_open_star,
          nzn_winding_woodlands_hourglass, nzn_winding_woodlands_center_lodge,
          nzn_winding_woodlands_5x5_checkerboard,
          nzn_winding_woodlands_5x5_three,
          nzn_winding_woodlands_5x15_river_crossing,
          nzn_winding_woodlands_5x5_cross], layout_layer_cave, swamp_mist,
          special_room [special_room_bee], uniq_nergalle
Lair:5:   layout_roguey, slime_altar_1, st_stairs_10, eino_house_with_fridge

Skill      XL: |  1  2  3  4  5  6  7  8  9 10 11 12 13 |
---------------+----------------------------------------+-----
Conjurations   | 1 2 3 4 5 7 8 |  8.8
Fire Magic     | 3 4 5 6 7 8 9 10 | 10.6
Spellcasting   | 2 3 4 5 6 7 8 |  8.1
Staves         | 1 2 3 4 5 6 8 |  8.7
Evocations     | 1 2 3 5 6 7 8 |  8.4
Fighting       | 7 |  7.1
Dodging        | 7 |  7.4
Stealth        | |  1.7

Action                   |  1- 3 |  4- 6 |  7- 9 | 10-12 | 13-15 || total
-------------------------+-------+-------+-------+-------+-------++-------
Melee: Staff             |    19 |     4 |    19 |    61 |    16 ||   119
 Cast: Foxfire           |    93 |    52 |   173 |   323 |    19 ||   660
       Scorch            |    22 |    13 |    36 |   117 |     8 ||   196
       Conjure Flame     |       |       |     7 |    16 |       ||    23
       Inner Flame       |       |       |     3 |    23 |       ||    26
       Flame Wave        |       |       |       |    25 |     6 ||    31
       Sticky Flame      |       |       |       |    47 |    10 ||    57
       Fireball          |       |       |       |    10 |       ||    10
Evoke: Wand              |       |       |       |     4 |       ||     4
  Use: Scroll            |     6 |     4 |     5 |    13 |       ||    28
       Potion            |     2 |     2 |     2 |     4 |       ||    10
Armor: Robe              |    18 |     4 |    18 |     8 |       ||    48
       Skin              |       |     1 |       |       |       ||     1
       Steam dragon scal |       |       |       |    57 |       ||    57
       Swamp dragon scal |       |       |       |   133 |    47 ||   180
Dodge: Dodged            |    53 |    14 |    75 |   343 |    51 ||   536

Table legend: (Time is in decaauts)
 A = Elapsed time spent in this place.
 B = Non-inter-level travel time spent in this place.
 C = Inter-level travel time spent in this place.
 D = Time resting spent in this place.
 E = Time spent auto-exploring this place.
 F = Levels seen in this place.
 G = Mean time per level.
                   A        B        C        D        E       F      G
               +--------+--------+--------+--------+--------+-----+--------+
         Total |  27531 |  26722 |    809 |   6151 |  17003 |  19 | 1449.0 |
       Dungeon |  16381 |  15739 |    642 |   1947 |  11717 |  11 | 1489.2 |
          Lair |   9248 |   9082 |    166 |   3492 |   4572 |   5 | 1849.6 |
         Sewer |    279 |    279 |      0 |      0 |    229 |   1 |  279.0 |
       Ossuary |    503 |    503 |      0 |     54 |    323 |   1 |  503.0 |
        Bailey |   1118 |   1118 |      0 |    658 |    161 |   1 | 1118.0 |
               +--------+--------+--------+--------+--------+-----+--------+

Top non-repeatable levels by time:
  Lair:4: 3834 daAuts
  Lair:1: 1912 daAuts
     D:4: 1832 daAuts
     D:2: 1809 daAuts
     D:8: 1677 daAuts
  Lair:2: 1625 daAuts
     D:1: 1584 daAuts
    D:10: 1581 daAuts
     D:6: 1566 daAuts
  Lair:3: 1547 daAuts
     D:5: 1437 daAuts
    D:11: 1359 daAuts
     D:3: 1357 daAuts
     D:9: 1167 daAuts
  Bailey: 1118 daAuts
